Map: [ESL] Royal Blood

Players

YoungYakov

  • Race: Zerg Zerg
  • Spawn Location: 7:00

Lambo - Winner!

  • Race: Zerg Zerg
  • Spawn Location: 1:00

Event: ESL SC2 Masters 2023 Summer (Regionals)

VOD

Have the link to the VOD?

Description

Time

  • Played on: May 9, 2023, 10:38 a.m.
  • Length: 5:43

All games in this series

Show
View Real Time Build Order
Export as new Build Order

YoungYakov Zerg 

Build Orders: Hatch First 

Get SALT Encoding   

  12  0:00  Drone  
  13  0:12  Overlord  
  13  0:17  Drone  
  14  0:31  Drone x2  
  16  0:48  Hatchery  
  15  0:51  Drone  
  15  0:54  Drone  
  17  0:57  Drone  
  18  1:08  Extractor  
  17  1:12  Spawning Pool  
  17  1:15  Drone  
  17  1:19  Drone  
  18  1:27  Drone  
  19  1:38  Drone  
  20  1:49  Drone  
  21  1:59  Overlord  
  21  2:00  Queen x2  
  26  2:01  Zergling x2  
  26  2:10  Drone  
  26  2:11  Drone  
  26  2:12  Metabolic Boost  
  28  2:22  Drone x2  
  30  2:33  Hatchery  
  30  2:37  Drone  
  30  2:39  Drone  
  31  2:44  Drone  
  31  2:45  Drone  
  31  2:50  Baneling Nest  
  32  2:58  Overlord  
  32  2:59  Drone  
  33  3:07  Zergling x2  
  33  3:08  Zergling x4  
  33  3:10  Evolution Chamber  
  33  3:12  Zergling x2  
  36  3:14  Overlord  
  36  3:19  Queen  
  35  3:22  Drone  
  35  3:23  Drone  
  35  3:25  Drone  
  40  3:29  Drone  
  40  3:33  Drone x2  
  40  3:34  Baneling  
  43  3:38  Zerg Missile Weapons Level 1  
  43  3:41  Drone  
  43  3:43  Drone  
  43  3:44  Drone  
  43  3:46  Drone  
  47  3:53  Roach Warren  
  47  3:54  Zergling x2  
  47  3:56  Drone  
  47  3:59  Extractor  
  47  4:01  Drone  
  48  4:03  Overlord  
  48  4:06  Drone x2  
  48  4:07  Drone  
  51  4:11  Baneling x2  
  51  4:12  Zergling x2  
  51  4:16  Overlord  
  52  4:18  Drone  
  52  4:19  Overlord  
  52  4:22  Drone x2  
  52  4:24  Drone  
  56  4:29  Overlord  
  56  4:30  Overlord  
  56  4:33  Extractor, Drone  
  56  4:36  Roach  
  56  4:37  Roach  
  59  4:39  Roach  
  59  4:41  Roach  
  59  4:43  Roach  
  59  4:45  Baneling  
  66  4:46  Baneling x2  
  66  4:47  Roach  
  66  4:51  Extractor  
  67  4:53  Roach  
  67  4:54  Roach  
  67  4:59  Zergling x8  
  73  5:04  Roach x2  
  74  5:08  Zergling x8  
  67  5:16  Roach  
  61  5:22  Roach x3  
  61  5:26  Zergling x4  
Show
View Real Time Build Order
Export as new Build Order

Lambo Zerg - Winner!

Build Orders: Hatch First, Zergling Baneling 

Get SALT Encoding   

  12  0:00  Drone  
  13  0:12  Overlord  
  13  0:17  Drone  
  14  0:31  Drone x2  
  16  0:47  Hatchery  
  15  0:50  Drone  
  15  0:54  Drone  
  17  1:07  Spawning Pool  
  17  1:09  Extractor  
  15  1:12  Drone  
  15  1:15  Drone  
  17  1:19  Drone  
  18  1:28  Drone  
  19  1:39  Drone  
  20  1:49  Drone  
  21  1:59  Queen x2  
  21  2:00  Overlord, Zergling x2  
  26  2:10  Drone x2  
  28  2:22  Drone  
  29  2:23  Zergling x2  
  29  2:26  Metabolic Boost  
  30  2:31  Drone  
  30  2:32  Drone  
  32  2:39  Hatchery  
  32  2:43  Drone  
  32  2:46  Baneling Nest  
  32  2:49  Overlord  
  31  2:53  Drone  
  31  2:54  Drone  
  33  3:04  Zergling x2  
  34  3:06  Drone  
  34  3:08  Drone x3  
  34  3:09  Zergling x2  
  34  3:11  Zergling x2  
  40  3:15  Zergling x2  
  41  3:22  Drone x2  
  41  3:24  Extractor  
  41  3:25  Roach Warren  
  41  3:29  Drone x2  
  41  3:30  Baneling  
  43  3:38  Drone  
  44  3:42  Overlord  
  44  3:44  Overlord, Evolution Chamber  
  44  3:47  Overlord  
  43  3:54  Zergling x2  
  44  3:56  Overlord  
  44  3:59  Overlord  
  44  4:09  Roach x2  
  48  4:11  Roach x3  
  48  4:14  Roach  
  58  4:17  Roach  
  58  4:20  Roach  
  58  4:23  Roach  
  62  4:25  Roach  
  64  4:34  Roach  
  64  4:35  Roach  
  68  4:38  Zergling x8  
  70  4:47  Baneling x6  
  70  4:48  Zergling x4  
  70  4:49  Baneling  
  70  4:52  Zergling x2  
  73  4:58  Zergling x6  
  75  5:02  Zergling x6  
  75  5:07  Zergling x2  
  77  5:13  Zergling x8  
  78  5:15  Zergling x2  
  78  5:20  Zergling x2  
  79  5:23  Zergling x4  
  79  5:24  Zergling x2  
Tags
 
Add a new tag
Caveats
  • Supply blocks, unpowered buildings, or Contaminate may cause inaccurate times.
  • Supply counts are checked every 10 seconds.